 Dungeon Crawl Stone Soup version 0.25.1-11-g244df3a29b (webtiles) character file.

Game seed: 16415927238604264840

582084 DeepDeath the Conqueror (level 27, -25/273 HPs)
             Began as a Hill Orc Gladiator on Jan 27, 2024.
             Was the Champion of Okawaru.
             Collided with a yaktaur captain (53 damage)
             ... caused by an ancient lich
             ... on level 5 of the Vaults on Jan 31, 2024.
             The game lasted 05:35:51 (68422 turns).

DeepDeath the Conqueror (Hill Orc Gladiator)       Turns: 68422, Time: 05:35:52

Health: -25/273    AC: 35    Str: 28    XL:     27
Magic:  26/26      EV: 21    Int:  8    God:    Okawaru [******]
Gold:   2998       SH: 11    Dex: 24    Spells: 26/30 levels left

rFire    + + .     SeeInvis +   d - +5 trishula (holy)
rCold    + + +     Gourm    .   Q - +3 warlock's mirror {reflect}
rNeg     + + .     Faith    .   y - +8 chain mail of Charity {+Blink rPois rC++ MR+}
rPois    +         Spirit   .   W - +2 helmet {SInv}
rElec    +         Reflect  +   r - +2 cloak {rCorr}
rCorr    +         Harm     .   h - +1 pair of gloves of Olazodie {Slay+2}
MR       ++++.     Clarity  +   o - +0 pair of boots of Alaloam {rC+ MR+ Stlth+}
Stlth    ..........             a - amulet of Leiss {RegenMP rElec rN+ MP-9 Dex+4}
HPRegen  0.55/turn              S - ring "Esanilinwa" {*Slow rPois rF++ Dex+4 SInv}
MPRegen  0.45/turn              t - ring of positive energy

@: no status effects
A: hooves 1, clarity, strong 1
}: 2/15 runes: barnacled, gossamer
a: Heroism, Finesse, Renounce Religion, Evoke Blink


You were on level 5 of the Vaults.
You worshipped Okawaru.
Okawaru was exalted by your worship.
You were hungry.

You visited 9 branches of the dungeon, and saw 47 of its levels.
You visited 1 bazaar.
You also visited: Trove, Ossuary, Ice Cave and Volcano.

You collected 8573 gold pieces.
You spent 5575 gold pieces at shops.

Inventory:

Hand Weapons
 d - a +5 trishula of holy wrath (weapon)
 q - a +5 fustibalus of flaming
 s - the +10 morningstar "Eos" {elec, Halo rElec}
   (You bought it in a shop on level 5 of the Dungeon)

   Occasionally, upon striking a foe, it will discharge some electrical energy
   and cause terrible harm.
   It insulates you from electricity.
 v - a +8 vampiric war axe
 w - a +2 broad axe of electrocution
Missiles
 x - 194 sling bullets
 J - 56 javelins (quivered)
 N - 3 throwing nets
 Z - 22 curare-tipped darts
Armour
 h - the +1 pair of gloves of Olazodie (worn) {Slay+2}
   (You found it on level 6 of the Lair of Beasts)

   It affects your accuracy and damage with ranged weapons and melee attacks
   (+2).
 o - the +0 pair of boots of Alaloam (worn) {rC+ MR+ Stlth+}
   (Okawaru gifted it to you on level 3 of the Vaults)

   It protects you from cold.
   It affects your resistance to hostile enchantments.
   It makes you more stealthy.
 r - a +2 cloak of preservation (worn)
 y - the +8 chain mail of Charity (worn) {+Blink rPois rC++ MR+}
   (You bought it in a shop on level 2 of the Orcish Mines)

   It greatly protects you from cold.
   It protects you from poison.
   It affects your resistance to hostile enchantments.
   It lets you blink.
 Q - the +3 warlock's mirror (worn) {reflect}
   (You found it on level 14 of the Dungeon)
 W - a +2 helmet of see invisible (worn)
Jewellery
 a - the amulet of Leiss (around neck) {RegenMP rElec rN+ MP-9 Dex+4}
   (You found it on level 2 of the Depths)

   [amulet of magic regeneration]

   It increases your magic regeneration.
   It affects your dexterity (+4).
   It insulates you from electricity.
   It protects you from negative energy.
   It affects your magic capacity (-9).
 m - the ring "Onovimon" {rPois rC+ MR+ Dex+7 Stlth-}
   (You found it in a treasure trove)

   [ring of poison resistance]

   It affects your dexterity (+7).
   It protects you from cold.
   It protects you from poison.
   It affects your resistance to hostile enchantments.
   It makes you less stealthy.
 t - a ring of positive energy (right hand)
 S - the ring "Esanilinwa" (left hand) {*Slow rPois rF++ Dex+4 SInv}
   (You bought it in a shop on level 3 of the Elven Halls)

   [ring of see invisible]

   It affects your dexterity (+4).
   It greatly protects you from fire.
   It protects you from poison.
   It lets you see invisible.
   It may slow you when you take damage.
 U - the ring of Megalomania {rF++ Stlth-}
   (You took it off a tengu warrior on level 3 of the Depths)

   [ring of attention]

   It greatly protects you from fire.
   It makes you less stealthy.
Wands
 k - a wand of clouds (14)
 u - a wand of acid (68)
 z - a wand of paralysis (30)
 A - a wand of enslavement (39)
 V - a wand of digging (18)
 X - a wand of iceblast (42)
Scrolls
 i - 24 scrolls of remove curse
 j - 3 scrolls of summoning
 C - 15 scrolls of fear
 F - 20 scrolls of identify
 G - 7 scrolls of teleportation
 K - 4 scrolls of holy word
 O - 8 scrolls of magic mapping
 P - 2 scrolls of silence
 R - 6 scrolls of fog
 Y - 5 scrolls of blinking
Potions
 b - 5 potions of heal wounds
 c - 27 potions of curing
 e - 6 potions of berserk rage
 g - 2 potions of might
 n - 5 potions of haste
 E - 6 potions of cancellation
 H - 10 potions of flight
 I - 7 potions of ambrosia
 L - 2 potions of resistance
Miscellaneous
 l - a lightning rod (4/4)
 D - 5 phantom mirrors
 M - a phial of floods
 T - 4 boxes of beasts
Comestibles
 f - 58 rations


   Skills:
 O Level 27 Fighting
 - Level 16.8(20.3) Axes
 - Level 13.8(16.2) Maces & Flails
 - Level 10.8(14.0) Polearms
 - Level 13.7(16.0) Slings
 - Level 14.0(16.1) Throwing
 + Level 19.6 Armour
 + Level 13.7 Dodging
 - Level 12.0 Shields
 - Level 2.0 Spellcasting
 - Level 2.0 Conjurations
 - Level 3.0 Necromancy
 - Level 4.0 Fire Magic
 - Level 16.0 Invocations
 - Level 8.0 Evocations


You had 26 spell levels left.
You knew the following spells:

 Your Spells              Type           Power        Failure   Level  Hunger
q - Animate Skeleton      Necr           N/A          28%         1    ##.....
t - Conjure Flame         Conj/Fire      #.......     65%         3    ####...

Your spell library contained the following spells:

 Spells                   Type           Power        Failure   Level  Hunger
 Foxfire                  Conj/Fire      #...         28%         1    ##.....
 Pain                     Necr           #...         28%         1    ##.....
 Magic Dart               Conj           #...         41%         1    ##.....
 Shock                    Conj/Air       #...         54%         1    ##.....
 Searing Ray              Conj           #.....       54%         2    ###....
 Vampiric Draining        Necr           #.........   65%         3    ####...
 Beastly Appendage        Tmut           #.....       69%         1    ##.....
 Summon Small Mammal      Summ           #...         69%         1    ##.....
 Inner Flame              Hex/Fire       #.......     78%         3    ####...
 Call Imp                 Summ           #.......     83%         2    ###....
 Poisonous Vapours        Pois/Air       #.....       83%         2    ###....
 Sticks to Snakes         Tmut           #.......     83%         2    ###....
 Mephitic Cloud           Conj/Pois/Air  #.......     93%         3    ####...
 Call Canine Familiar     Summ           #.......     96%         3    ####...
 Recall                   Summ/Tloc      N/A          96%         3    ####...
 Spider Form              Tmut/Pois      #.........   96%         3    ####...
 Summon Guardian Golem    Hex/Summ       #.......     96%         3    ####...
 Animate Dead             Necr           N/A          96%         4    #####..
 Sticky Flame             Conj/Fire      #.......     96%         4    #####..
 Cause Fear               Hex            #.........   100%        4    #####..
 Ice Form                 Ice/Tmut       #.......     100%        4    #####..
 Leda's Liquefaction      Hex/Erth       #.........   100%        4    #####..
 Summon Ice Beast         Ice/Summ       #.......     100%        4    #####..
 Summon Lightning Spire   Summ/Air       #.......     100%        4    #####..
 Agony                    Necr           #.......     100%        5    ######.
 Blade Hands              Tmut           #.........   100%        5    ######.
 Bolt of Magma            Conj/Fire/Erth #.........   100%        5    ######.
 Borgnjor's Vile Clutch   Necr/Erth      #.........   100%        5    ######.
 Fireball                 Conj/Fire      #.........   100%        5    ######.
 Irradiate                Conj/Tmut      #.........   100%        5    ######.
 Lightning Bolt           Conj/Air       #.........   100%        5    ######.
 Metabolic Englaciation   Hex/Ice        #.........   100%        5    ######.
 Silence                  Hex/Air        #.........   100%        5    ######.
 Yara's Violent Unravell  Hex/Tmut       #.........   100%        5    ######.
 Conjure Ball Lightning   Conj/Air       #.........   100%        6    #######
 Death Channel            Necr           #.........   100%        6    #######
 Freezing Cloud           Conj/Ice/Air   #.........   100%        6    #######
 Hydra Form               Tmut           #.........   100%        6    #######
 Iron Shot                Conj/Erth      #.........   100%        6    #######
 Ozocubu's Refrigeration  Ice            #.........   100%        6    #######
 Shadow Creatures         Summ           N/A          100%        6    #######
 Simulacrum               Ice/Necr       #.........   100%        6    #######
 Statue Form              Tmut/Erth      #........    100%        6    #######
 Dragon Form              Tmut           #.........   100%        7    #######
 Haunt                    Necr/Summ      #.........   100%        7    #######
 Malign Gateway           Summ/Tloc      #.........   100%        7    #######
 Orb of Destruction       Conj           #.........   100%        7    #######
 Borgnjor's Revivificati  Necr           #.........   100%        8    #######
 Death's Door             Chrm/Necr      #.........   100%        8    #######
 Discord                  Hex            #.........   100%        8    #######
 Infestation              Necr           #.........   100%        8    #######
 Necromutation            Tmut/Necr      #.........   100%        8    #######
 Shatter                  Erth           #.........   100%        9    #######


Dungeon Overview and Level Annotations

Branches:
Dungeon (15/15)            Temple (0/1) D:7            Lair (6/6) D:9
 Shoals (4/4) Lair:4       Spider (4/4) Lair:4        Slime (0/5) Lair:6
    Orc (2/2) D:11            Elf (3/3) Orc:2        Vaults (5/5) D:13
  Crypt (3/3) Vaults:2       Tomb (0/3) Crypt:3      Depths (5/5) D:15
    Zot (0/5) Depths:5    Ossuary (visited)           IceCv (visited)
Volcano (visited)

Altars:
Ashenzari
Cheibriados
Fedhas
Kikubaaqudgha
Okawaru
Zin
The Shining One
Beogh
Jiyva

Shops:
D:5 *   Orc:1 ??   Orc:2 (=[*   Elf:2 [   Elf:3 =}=   Shoals:2 *   Vaults:2 ?
Vaults:4 :   Depths:1 [

Portals:
Hell: Depths:1 Depths:2 Depths:3 Depths:4 Depths:5
Abyss: Depths:2 Depths:3 Depths:4
Pandemonium: Depths:1 Depths:3
Ziggurat: Depths:3


Innate Abilities, Weirdness & Mutations

You have large cloven feet.
You possess an exceptional clarity of mind.
Your muscles are strong. (Str +2)


Message History

* * * LOW HITPOINT WARNING * * *
Unknown command.
Unknown command.
Unknown command.
You closely miss the ancient lich.
The ancient lich is almost destroyed.
You block the Brimstone Fiend's attack.
The Brimstone Fiend hits you but does no damage.
The Brimstone Fiend closely misses you.
The yaktaur captain hits you but does no damage.
Unknown command.
Unknown command.
You barely miss the ancient lich.
The ancient lich is almost destroyed.
The ancient lich casts a spell at you. The lance of force hits you!!
* * * LOW HITPOINT WARNING * * *
You are knocked back by the lance of force.
You collide with the yaktaur captain!
You die...

#..# #.(#
#..# #..#
#..# .####
#..#.....
#..#....
#c1#..####
#.@#......
#.2L......
#.(..#####
#..........
#..........
#.........
#.........
#....#.#.#
#.........


You could see an ancient lich (invisible), a Brimstone Fiend (summoned), a
yaktaur captain and a blizzard demon (summoned).

Vanquished Creatures
  Mennas (Vaults:2)
  2 ancient liches
  3 juggernauts
  Margery (Depths:3)
  Xtahua (Crypt:2)
  Saint Roka (Elf:3)
  4 golden dragons
  Nikola (Spider:4)
  Jory (Crypt:1)
  A bone dragon (Crypt:3)
  An Ice Fiend (IceCv)
  4 tentacled monstrosities
  8 liches
  2 titans (Vaults:5)
  3 quicksilver dragons
  The ghost of endersaim the Spry, an adept MfSk of Qazlal (Spider:4)
  2 deep elf master archers (Elf:3)
  3 deep elf blademasters
  Gastronok (D:8)
  Polyphemus (Shoals:3)
  7 sphinxes
  2 krakens
  A storm dragon (shapeshifter) (Vaults:5)
  9 storm dragons
  Kirke (D:12)
  An ancient champion (Crypt:2)
  2 revenants
  5 shadow dragons
  8 tengu reavers
  6 fire giants
  A balrug (Depths:3)
  2 iron dragons
  6 deep elf sorcerers
  10 frost giants
  7 emperor scorpions
  5 deep elf elementalists
  An orc warlord (Orc:2)
  4 ghost moths (Spider:4)
  15 vault wardens
  A draconian stormcaller (Depths:5)
  17 ironheart preservers
  4 curse skulls (Crypt:2)
  A draconian shifter (Depths:5)
  6 ghouls
  A reaper (Depths:3)
  7 war gargoyles
  Nessos (Lair:5)
  2 caustic shrike skeletons (Depths:1)
  26 very ugly things
  4 entropy weavers
  6 vampire knights
  21 stone giants
  A green draconian (Depths:5)
  2 red draconians (Depths:5)
  6 deep elf demonologists
  5 spark wasps
  A yellow draconian (Depths:5)
  A black draconian (Depths:5)
  The ghost of Plog the Blocker, a journeyman GnFi of Makhleb (Lair:5)
  A purple draconian (Depths:5)
  10 deep elf annihilators (Elf:3)
  3 merfolk javelineers
  Azrael (Elf:2)
  15 ettins
  Snorg (D:13)
  4 crystal guardians
  3 eidola (Crypt:2)
  10 fire dragons
  A blizzard demon (Depths:3)
  14 merfolk impalers
  18 yaktaur captains
  8 great orbs of eyes
  5 rakshasas
  11 jiangshi
  6 deep elf death magi
  25 vault guards
  8 deep elf high priests
  Erolcha (Orc:1)
  4 catoblepae
  4 hydras
  8 ice dragons
  10 centaur warriors
  3 merfolk aquamancers
  Erica (Lair:1)
  6 spriggan air magi
  50 two-headed ogres
  3 death knights
  2 satyrs
  22 dancing weapons
  16 ogre magi
  An alligator snapping turtle (Shoals:2)
  18 death yaks
  7 vampire magi
  16 deep troll earth magi
  7 deep troll shamans
  2 titan zombies
  5 orc high priests (Orc:2)
  18 spriggan berserkers
  15 tengu warriors
  2 large abominations
  5 soul eaters
  Nergalle (D:12)
  3 sun demons (Depths:3)
  20 deep elf knights
  5 iron trolls
  20 sea snakes
  A spectral entropy weaver (Spider:4)
  14 hell knights
  25 skeletal warriors
  2 small abominations (Elf:3)
  An entropy weaver zombie (Crypt:2)
  5 glowing orange brains
  39 deep trolls
  A spark wasp zombie (Depths:3)
  3 shadow wraiths
  A swamp dragon (shapeshifter) (Depths:4)
  2 spectral wolf spiders (Spider:4)
  2 quicksilver dragon simulacra (Depths:3)
  2 unseen horrors
  4 flayed ghosts
  10 deep elf archers
  3 wolf spider zombies
  A shadow dragon zombie (Crypt:2)
  12 wizards
  14 orb spiders
  9 ironbrand convokers
  28 harpies
  20 necromancers
  A lindwurm (Volcano)
  18 orc knights
  69 deep elf magi
  11 phantasmal warriors
  A shadow dragon skeleton (Vaults:3)
  7 orc sorcerers
  A tengu skeleton (Depths:3)
  8 cyclopes
  A frost giant zombie (Crypt:3)
  A stone giant zombie (Vaults:4)
  14 fauns
  26 wolf spiders
  14 manticores
  56 ugly things
  A moth of wrath (Spider:4)
  2 salamanders
  3 elephants (Lair:3)
  A frost giant skeleton (Crypt:3)
  2 fire giant zombies
  10 water nymphs
  Psyche (D:12)
  An eye of devastation (shapeshifter) (Elf:3)
  2 fire giant skeletons
  3 stone giant skeletons
  3 black mambas
  A spriggan zombie (Depths:3)
  A guardian serpent (shapeshifter) (Depths:4)
  An ice statue (Depths:3)
  A smoke demon (Depths:2)
  9 rust devils
  A torpor snail (Lair:6)
  2 spiny frogs (shapeshifter)
  6 merfolk sirens
  8 spiny frogs
  A shock serpent skeleton (Crypt:2)
  A storm dragon simulacrum (Vaults:2)
  14 vault sentinels
  3 gargoyles
  An emperor scorpion zombie (Crypt:3)
  A minotaur zombie (Crypt:2)
  An efreet (Depths:3)
  A yaktaur zombie (Vaults:3)
  4 rime drakes
  A red draconian zombie (Crypt:1)
  6 komodo dragons
  A dire elephant skeleton (Crypt:3)
  16 freezing wraiths
  A yaktaur (shapeshifter) (Vaults:2)
  12 demonic crawlers
  5 anaconda simulacra
  8 ice devils
  A spectral redback (Spider:4)
  75 yaktaurs
  A human skeleton (Vaults:1)
  2 hellwings (Depths:2)
  A golden dragon simulacrum (IceCv)
  A minotaur skeleton (Crypt:3)
  5 red devils (Depths:3)
  3 tengu conjurers
  31 merfolk
  22 jumping spiders
  A queen bee (shapeshifter) (Depths:2)
  A troll (shapeshifter) (Vaults:4)
  A polar bear (Lair:5)
  2 spectral tarantellas (Spider:4)
  8 trolls
  19 hornets
  Grinder (D:6)
  A shadow dragon simulacrum (Crypt:1)
  8 blink frogs
  2 wolf spider simulacra
  2 sphinx simulacra
  Prince Ribbit (D:6)
  31 dream sheep
  18 slime creatures
  7 hippogriffs
  2 wind drakes
  An ice dragon zombie (Crypt:3)
  A dream sheep (shapeshifter) (Depths:5)
  A frost giant simulacrum (Crypt:2)
  4 shadows
  5 snapping turtles
  2 fire dragon zombies
  67 redbacks
  65 flying skulls
  2 satyr skeletons
  39 tarantellas
  6 spriggans
  24 water elementals
  4 air elementals
  3 wyverns
  2 dire elephant simulacra
  An ice dragon skeleton (Crypt:3)
  3 fire bats (Volcano)
  An alligator skeleton (Crypt:3)
  3 ettin skeletons
  6 hogs
  25 yaks
  A fire dragon skeleton (Crypt:2)
  A hog (shapeshifter) (Elf:1)
  13 wraiths
  2 basilisks (shapeshifter)
  3 hungry ghosts
  A human (D:9)
  4 fire elementals
  2 basilisks
  2 iron troll simulacra (IceCv)
  A redback simulacrum (Spider:4)
  An emperor scorpion simulacrum (Spider:4)
  2 death yak simulacra (IceCv)
  3 steam dragons (Volcano)
  2 wargs
  2 harpy simulacra (IceCv)
  3 swamp worms (Lair:6)
  6 human zombies
  Edmund (D:6)
  2 spiny frog zombies
  An acid dragon (Vaults:2)
  5 hydra simulacra (IceCv)
  A soldier ant (D:15)
  9 hell hounds
  56 orc warriors
  9 porcupines
  10 water moccasins
  3 sky beasts
  A hornet zombie (D:13)
  A monstrous demonspawn skeleton (Crypt:2)
  6 ettin simulacra (Depths:3)
  A spectral hornet (Spider:4)
  A torturous demonspawn skeleton (Crypt:2)
  6 ice beasts
  A black bear (shapeshifter) (Vaults:1)
  3 black bears
  3 necrophages
  An eye of draining (shapeshifter) (Depths:5)
  An eye of draining (D:9)
  3 phantoms
  18 wolves
  15 boggarts
  28 ogres
  21 centaurs
  3 crocodiles
  2 big kobolds (D:9)
  A draconian zombie (Crypt:1)
  An earth elemental (Elf:1)
  4 elf zombies
  13 bullfrogs
  2 cyclops zombies (Crypt:2)
  2 deep troll simulacra (Vaults:3)
  2 wyvern zombies
  A cyclops skeleton (Crypt:2)
  3 wyvern skeletons
  A hornet simulacrum (Spider:4)
  4 scorpions
  27 killer bees
  An elephant simulacrum (IceCv)
  10 wights
  A howler monkey (D:9)
  An electric eel (Spider:4)
  2 bullfrog zombies
  8 centaur zombies
  9 crimson imps
  3 draconian simulacra (IceCv)
  10 hounds
  6 centaur skeletons
  A jelly (D:9)
  A human simulacrum (Vaults:3)
  A gnoll shaman (D:5)
  24 orc priests
  2 bullfrog skeletons
  5 iguanas
  32 orc wizards
  2 polar bear simulacra (IceCv)
  A hell rat (D:9)
  3 troll simulacra (IceCv)
  12 worker ants
  A dwarf zombie (Crypt:2)
  3 big kobold zombies (Ossuary)
  2 centaur simulacra (IceCv)
  3 hound zombies
  2 hound skeletons
  3 mummies (Ossuary)
  17 gnolls
  2 howler monkey skeletons (D:6)
  3 naga simulacra (IceCv)
  14 adders
  A river rat (D:9)
  3 shadow imps
  5 white imps
  7 ufetubi
  An ooze (D:1)
  6 adder zombies
  A halfling zombie (Crypt:1)
  4 adder skeletons
  2 worms
  A dart slug (D:1)
  2 leopard geckos (D:3)
  120 orcs
  8 giant cockroaches
  2 gnoll zombies (Ossuary)
  13 goblins
  7 hobgoblins
  11 jackals
  5 quokkas
  A ball python (D:1)
  7 bats
  4 frilled lizards
  A giant cockroach zombie (D:5)
  A goblin skeleton (D:8)
  7 goblin zombies
  4 hobgoblin zombies
  A jackal skeleton (D:7)
  3 jackal zombies
  17 kobolds
  A kobold simulacrum (Crypt:1)
  2 kobold skeletons (D:8)
  4 kobold zombies
  A leopard gecko zombie (Crypt:1)
  7 orc zombies
  2 quokka zombies
  13 rats
  3 rat zombies
  A butterfly (Lair:3)
  5 crawling corpses
  2 fungi
  9 plants
  7 tentacles
  8 withered plants (Crypt:2)
2560 creatures vanquished.

Vanquished Creatures (collateral kills)
  2 vault guards (Vaults:5)
  A sea snake (Shoals:4)
  A yaktaur (Vaults:5)
  5 orc warriors (Orc:2)
  3 orc priests (Orc:2)
  4 orc wizards (Orc:2)
  4 orcs (Orc:2)
20 creatures vanquished.

Vanquished Creatures (others)
  A draconian shifter (Depths:5)
  A deep elf high priest (Depths:3)
  A vault guard (Vaults:5)
  A shadow wraith (Vaults:4)
  A deep elf mage (Elf:1)
  An ugly thing (Depths:1)
  A spriggan simulacrum (Depths:3)
  A human (D:12)
  An orc (Elf:3)
  5 fungi
  13 plants
  16 tentacles
  30 withered plants (Crypt:2)
73 creatures vanquished.

Grand Total: 2653 creatures vanquished

Notes
Turn   | Place    | Note
-------+----------+-------------------------------------------
     0 | D:1      | DeepDeath the Hill Orc Gladiator began the quest for the
                  | Orb.
     0 | D:1      | Reached XP level 1. HP: 18/18 MP: 1/1
    62 | D:1      | Reached XP level 2. HP: 25/25 MP: 2/2
   104 | D:1      | Reached skill level 5 in Axes
   236 | D:1      | Reached XP level 3. HP: 24/30 MP: 3/3
   363 | D:1      | Reached skill level 1 in Armour
   656 | D:2      | Reached XP level 4. HP: 30/37 MP: 4/4
  1784 | D:3      | Reached XP level 5. HP: 41/42 MP: 5/5
  2559 | D:3      | Noticed a centaur
  2575 | D:3      | Killed a centaur
  2575 | D:3      | Reached XP level 6. HP: 17/50 MP: 6/6
  2853 | D:4      | Reached skill level 3 in Fighting
  2946 | D:4      | Found a sand-covered staircase.
  2974 | Ossuary  | Entered an ossuary
  2996 | Ossuary  | Reached XP level 7. HP: 36/57 MP: 7/7
  3448 | D:4      | Reached skill level 10 in Axes
  3448 | D:4      | Reached XP level 8. HP: 63/63 MP: 8/8
  3619 | D:4      | Found a glowing silver altar of Zin.
  4038 | D:5      | Entered Level 5 of the Dungeon
  4102 | D:5      | Found a blossoming altar of Fedhas.
  4139 | D:5      | Reached skill level 4 in Fighting
  4158 | D:5      | Found Xutorhyhio's General Store.
  4169 | D:5      | Bought a potion of flight for 36 gold pieces
  4169 | D:5      | Bought a potion of ambrosia for 96 gold pieces
  4169 | D:5      | Bought a scroll of identify for 24 gold pieces
  4169 | D:5      | Bought a scroll of identify for 24 gold pieces
  4169 | D:5      | Bought a potion of cancellation for 96 gold pieces
  4498 | D:5      | Reached XP level 9. HP: 65/73 MP: 9/9
  4647 | D:5      | Reached skill level 5 in Fighting
  4894 | D:6      | Reached skill level 5 in Armour
  4897 | D:6      | Noticed Grinder
  4928 | D:6      | Found an iron altar of Okawaru.
  5041 | D:6      | Paralysed by Grinder for 7 turns
  5050 | D:6      | Killed Grinder
  5055 | D:6      | Noticed Edmund
  5090 | D:6      | Noticed Prince Ribbit
  5124 | D:6      | Killed Edmund
  5295 | D:6      | Killed Prince Ribbit
  5658 | D:6      | Became a worshipper of Warmaster Okawaru
  5685 | D:7      | Reached skill level 6 in Fighting
  5685 | D:7      | Reached skill level 1 in Evocations
  5717 | D:7      | Found a blossoming altar of Fedhas.
  5757 | D:7      | Reached skill level 1 in Invocations
  5899 | D:7      | Found a staircase to the Ecumenical Temple.
  6171 | D:7      | Reached XP level 10. HP: 70/83 MP: 11/11
  6370 | D:7      | Gained mutation: Armour fits poorly on your strangely
                  | shaped body. [potion of mutation]
  6370 | D:7      | Gained mutation: You are somewhat resistant to further
                  | mutation. [potion of mutation]
  6371 | D:7      | Lost mutation: Armour fits poorly on your strangely shaped
                  | body. [potion of mutation]
  6371 | D:7      | Lost mutation: You are somewhat resistant to further
                  | mutation. [potion of mutation]
  6371 | D:7      | Gained mutation: You possess an exceptional clarity of
                  | mind. [potion of mutation]
  6371 | D:7      | Gained mutation: Your muscles are strong. (Str +2) [potion
                  | of mutation]
  6371 | D:7      | Gained mutation: You have large cloven feet. [potion of
                  | mutation]
  6388 | D:8      | Found a snail-covered altar of Cheibriados.
  6466 | D:8      | Found a glowing golden altar of the Shining One.
  6553 | D:8      | Found an ancient bone altar of Kikubaaqudgha.
  6692 | D:8      | Reached skill level 5 in Throwing
  6867 | D:8      | Reached * piety under Okawaru
  6920 | D:8      | Noticed Gastronok
  6941 | D:8      | Killed Gastronok
  6941 | D:8      | Reached ** piety under Okawaru
  6941 | D:8      | Reached skill level 7 in Fighting
  7185 | D:9      | Reached *** piety under Okawaru
  7190 | D:9      | Reached XP level 11. HP: 92/92 MP: 13/13
  7343 | D:9      | Noticed a death yak
  7344 | D:9      | Found a staircase to the Lair.
  7344 | D:9      | Noticed a death yak
  7344 | D:9      | Noticed a death yak
  7554 | D:9      | Killed a death yak
  7554 | D:9      | Received a gift from Okawaru
  7571 | D:9      | Killed a death yak
  7571 | D:9      | Received a gift from Okawaru
  7571 | D:9      | Reached skill level 8 in Fighting
  7571 | D:9      | Reached skill level 5 in Invocations
  7583 | D:9      | Killed a death yak
  7583 | D:9      | Reached **** piety under Okawaru
  7583 | D:9      | Reached skill level 15 in Axes
  7956 | D:9      | Received a gift from Okawaru
  8385 | D:9      | Got a transparent buckler
  8391 | D:9      | Identified the +1 buckler "Geimyos" {Harm} (You found it on
                  | level 9 of the Dungeon)
  8464 | D:10     | Entered Level 10 of the Dungeon
  8547 | D:10     | Received a gift from Okawaru
  8772 | D:10     | Received a gift from Okawaru
  8826 | D:10     | Reached skill level 9 in Fighting
  9496 | D:11     | Received a gift from Okawaru
  9616 | D:11     | Reached XP level 12. HP: 87/104 MP: 15/15
  9702 | D:11     | Reached ***** piety under Okawaru
 10043 | D:11     | You fall into a shaft and drop 1 floor!
 10043 | D:12     | Noticed Nergalle
 10072 | D:12     | Killed Nergalle
 10102 | D:12     | Received a gift from Okawaru
 10234 | D:12     | Reached skill level 10 in Fighting
 10296 | D:12     | Noticed Kirke
 10304 | D:12     | Noticed a sphinx
 10311 | D:12     | Killed Kirke
 10311 | D:12     | Reached skill level 10 in Armour
 10423 | D:12     | Noticed Psyche
 10431 | D:12     | Killed Psyche
 10603 | D:12     | Reached skill level 11 in Fighting
 10613 | D:12     | Reached XP level 13. HP: 84/116 MP: 17/20
 10635 | D:12     | Found the +3 giant club "Skullcrusher" {speed, Str+7}
 11035 | D:11     | Found a staircase to the Orcish Mines.
 11337 | Lair:1   | Entered Level 1 of the Lair of Beasts
 11391 | Lair:1   | Noticed Erica
 11421 | Lair:1   | Killed Erica
 11421 | Lair:1   | Reached skill level 1 in Maces & Flails
 11628 | Lair:1   | Reached skill level 10 in Invocations
 11746 | Lair:1   | Received a gift from Okawaru
 12600 | Lair:2   | Received a gift from Okawaru
 12600 | Lair:2   | Reached skill level 12 in Fighting
 13184 | Lair:3   | Received a gift from Okawaru
 13240 | Lair:3   | Found a dark tunnel.
 13297 | Lair:3   | Received a gift from Okawaru
 13330 | Lair:3   | Reached skill level 5 in Maces & Flails
 13454 | Volcano  | Entered a volcano
 13553 | Volcano  | Noticed a fire dragon
 13574 | Volcano  | Killed a fire dragon
 14658 | D:5      | Bought the +10 morningstar "Eos" {elec, Halo rElec} for 888
                  | gold pieces
 14658 | D:5      | Found the +10 morningstar "Eos" {elec, Halo rElec}
 14993 | Lair:4   | Received a gift from Okawaru
 14997 | Lair:4   | Reached XP level 14. HP: 126/126 MP: 21/21
 15301 | Lair:4   | Found a staircase to the Shoals.
 15331 | Lair:4   | Found a hole to the Spider Nest.
 15658 | Lair:5   | Noticed Nessos
 15892 | Lair:5   | Killed Nessos
 15892 | Lair:5   | Reached skill level 5 in Dodging
 16132 | Lair:5   | Found a large runed translucent door.
 16132 | Lair:5   | Found a large runed translucent door.
 16136 | Lair:5   | Noticed Plog's ghost (journeyman GnFi)
 16715 | Orc:1    | Entered Level 1 of the Orcish Mines
 16774 | Orc:1    | Found a runed translucent door.
 16789 | Orc:1    | Found Xudattil's Magic Scroll Boutique.
 16795 | Orc:1    | Bought a scroll of identify for 30 gold pieces
 16795 | Orc:1    | Bought a scroll of identify for 30 gold pieces
 16827 | Orc:1    | Noticed Erolcha
 16867 | Orc:1    | Killed Erolcha
 17162 | Orc:1    | Found Capt's Magic Scroll Emporium.
 17271 | Orc:1    | Found a roughly hewn altar of Beogh.
 17328 | Orc:1    | Bought a scroll of summoning for 142 gold pieces
 17335 | Orc:2    | Entered Level 2 of the Orcish Mines
 17774 | Orc:2    | Noticed an orc warlord
 17824 | Orc:2    | Killed an orc warlord
 17940 | Orc:2    | Reached skill level 10 in Maces & Flails
 18020 | Orc:2    | Paralysed by an orc sorcerer for 5 turns
 18071 | Orc:2    | Received a gift from Okawaru
 18427 | Orc:2    | Found a staircase to the Elven Halls.
 18563 | Orc:2    | Found Woev's Antique Armour Emporium.
 18564 | Orc:2    | Found Femuc's Antique Weapon Shoppe.
 18565 | Orc:2    | Found Odu Goic's General Store.
 18565 | Orc:2    | Found Jyqypus's Jewellery Emporium.
 18569 | Orc:2    | Bought a scroll of identify for 30 gold pieces
 18569 | Orc:2    | Bought a potion of heal wounds for 75 gold pieces
 18579 | Orc:2    | Bought an ancient chain mail for 361 gold pieces
 18581 | Orc:2    | Identified the +8 chain mail of Charity {+Blink rPois rC++
                  | MR+} (You bought it in a shop on level 2 of the Orcish
                  | Mines)
 18637 | Orc:2    | Bought an embroidered scarf for 304 gold pieces
 18934 | D:12     | Received a gift from Okawaru
 18937 | D:12     | Got an encrusted great mace {god gift}
 18947 | D:12     | Identified the +2 great mace of Accidental Termination
                  | {vorpal, Int+4} (Okawaru gifted it to you on level 12 of
                  | the Dungeon)
 19564 | D:12     | Reached XP level 15. HP: 82/133 MP: 24/24
 19652 | D:13     | Noticed Snorg
 19673 | D:13     | Killed Snorg
 19937 | D:13     | Found a gate to the Vaults.
 19952 | D:13     | Received a gift from Okawaru
 19981 | D:13     | Received a gift from Okawaru
 20031 | D:13     | Identified the +2 robe of Okawaru's Grace {Int+6} (Okawaru
                  | gifted it to you on level 13 of the Dungeon)
 20129 | D:13     | Identified the +5 dagger of Karma {drain, rPois rF+ Int-5
                  | Stlth+} (You found it on level 13 of the Dungeon)
 20997 | D:14     | Reached ****** piety under Okawaru
 20997 | D:14     | Reached skill level 13 in Fighting
 21074 | D:14     | Found the +3 warlock's mirror {reflect}
 21226 | D:15     | Entered Level 15 of the Dungeon
 21232 | D:15     | Found a flickering gateway to a bazaar.
 21417 | Bazaar   | Entered a bazaar
 21417 | Bazaar   | Found Seceziudgh's Weapon Shoppe.
 21417 | Bazaar   | Found Celoehua's Antique Weapon Emporium.
 21421 | Bazaar   | Found Goeducwira's Armour Shoppe.
 21435 | Bazaar   | Found Gisueqimpe's Food Emporium.
 21460 | Bazaar   | Bought a scarf of repulsion for 96 gold pieces
 21571 | D:15     | Received a gift from Okawaru
 21809 | D:15     | Found a staircase to the Depths.
 22260 | Lair:5   | Killed Plog's ghost
 22287 | Lair:6   | Entered Level 6 of the Lair of Beasts
 22298 | Lair:6   | Reached XP level 16. HP: 144/144 MP: 25/25
 22348 | Lair:6   | Identified the +1 pair of gloves of Olazodie {Slay+2} (You
                  | found it on level 6 of the Lair of Beasts)
 22436 | Lair:6   | Received a gift from Okawaru
 22620 | Lair:6   | Received a gift from Okawaru
 22766 | Lair:6   | Received a gift from Okawaru
 22766 | Lair:6   | Reached skill level 14 in Fighting
 22830 | Lair:6   | Found a staircase to the Slime Pits.
 22830 | Lair:6   | Found a viscous altar of Jiyva.
 23054 | Lair:6   | Received a gift from Okawaru
 24439 | Orc:1    | Bought a scroll of enchant weapon for 127 gold pieces
 24480 | Orc:1    | Bought a scroll of enchant armour for 112 gold pieces
 24690 | Shoals:1 | Entered Level 1 of the Shoals
 24939 | Shoals:1 | Received a gift from Okawaru
 25338 | Shoals:1 | Noticed a kraken
 25361 | Shoals:1 | Killed a kraken
 25727 | Shoals:2 | Found Jastigen's Island Escapes.
 25736 | Shoals:2 | Bought a scroll of fog for 34 gold pieces
 26164 | Shoals:2 | Reached skill level 5 in Evocations
 26496 | Shoals:2 | Reached XP level 17. HP: 154/154 MP: 26/26
 26968 | Shoals:2 | Noticed a kraken
 26985 | Shoals:2 | Killed a kraken
 27552 | Shoals:3 | Reached skill level 1 in Slings
 27682 | Shoals:3 | Received a gift from Okawaru
 27747 | Shoals:3 | Noticed Polyphemus
 27958 | Shoals:3 | Killed Polyphemus
 28047 | Shoals:3 | Received a gift from Okawaru
 28287 | Shoals:3 | Received a gift from Okawaru
 28487 | Shoals:3 | Received a gift from Okawaru
 28487 | Shoals:3 | Reached skill level 15 in Fighting
 28783 | Shoals:4 | Entered Level 4 of the Shoals
 28872 | Shoals:4 | Reached skill level 15 in Armour
 29153 | Shoals:4 | Identified the +11 trident "Dylir" {vorpal, *Drain MR- SInv
                  | Stlth+} (You found it on level 4 of the Shoals)
 29416 | Shoals:4 | Received a gift from Okawaru
 29419 | Shoals:4 | Reached skill level 5 in Slings
 29426 | Shoals:4 | Reached XP level 18. HP: 62/163 MP: 22/28
 29468 | Shoals:4 | Identified the +6 fustibalus "Sarcophage" {speed, +Fly
                  | rElec rC-} (Okawaru gifted it to you on level 4 of the
                  | Shoals)
 29475 | Shoals:4 | Got a barnacled rune of Zot
 30007 | Shoals:4 | Received a gift from Okawaru
 30428 | Spider:1 | Entered Level 1 of the Spider Nest
 30469 | Spider:1 | Reached skill level 1 in Shields
 31537 | Spider:1 | Got a heavily runed silver ring
 31572 | Spider:1 | Identified the ring of Duerchac {+Fly rF+ MP+9 Str-4 Int+4}
                  | (You found it on level 1 of the Spider Nest)
 33115 | Lair:2   | Learned a level 1 spell: Animate Skeleton
 33458 | Spider:3 | Reached skill level 1 in Necromancy
 33925 | Spider:3 | Reached skill level 5 in Shields
 34063 | Spider:3 | Reached skill level 1 in Spellcasting
 34545 | Spider:4 | Entered Level 4 of the Spider Nest
 34545 | Spider:4 | Found a frozen archway.
 34603 | Spider:4 | Received a gift from Okawaru
 34683 | Spider:4 | Identified the +6 trident of Expedience {flame, Int+2} (You
                  | found it on level 4 of the Spider Nest)
 34707 | IceCv    | Entered an ice cave
 34928 | IceCv    | Received a gift from Okawaru
 35069 | IceCv    | Noticed an Ice Fiend
 35078 | IceCv    | Reached XP level 19. HP: 166/172 MP: 29/29
 35119 | IceCv    | Killed an Ice Fiend
 35230 | IceCv    | Identified the +4 chain mail "Xino" {+Inv MP+9 Dex-2} (You
                  | found it in an ice cave)
 35254 | IceCv    | Identified a +1 pair of boots of running (You found it in
                  | an ice cave)
 35776 | Spider:4 | Found a runed translucent gate.
 35776 | Spider:4 | Found a runed translucent gate.
 35776 | Spider:4 | Found a runed translucent gate.
 35777 | Spider:4 | Noticed endersaim's ghost (adept MfSk)
 35807 | Spider:4 | Killed endersaim's ghost
 35976 | Spider:4 | Reached skill level 16 in Fighting
 36028 | Spider:4 | Received a gift from Okawaru
 36122 | Spider:4 | Reached skill level 10 in Dodging
 36191 | Spider:4 | Received a gift from Okawaru
 36253 | Spider:4 | Got a gossamer rune of Zot
 36422 | Spider:4 | Noticed Nikola
 36435 | Spider:4 | Killed Nikola
 36804 | Spider:4 | Got a fading double sword {god gift}
 36806 | Spider:4 | Identified the +1 double sword of Manov {freeze, rC+}
                  | (Okawaru gifted it to you on level 4 of the Spider Nest)
 37130 | Orc:1    | Bought a scroll of enchant armour for 112 gold pieces
 37130 | Orc:1    | Bought 3 scrolls of identify for 90 gold pieces
 37421 | Vaults:1 | Entered Level 1 of the Vaults
 37522 | Vaults:1 | Received a gift from Okawaru
 37730 | Vaults:1 | Received a gift from Okawaru
 37740 | Vaults:1 | Identified the +1 hat of Topydoury {rElec Str+3 Int+9
                  | Dex-4} (Okawaru gifted it to you on level 1 of the Vaults)
 37789 | Vaults:1 | Reached skill level 15 in Invocations
 38589 | Vaults:1 | Reached XP level 20. HP: 182/182 MP: 31/31
 39219 | Vaults:2 | Noticed Mennas
 39248 | Vaults:2 | Killed Mennas
 39248 | Vaults:2 | Reached skill level 10 in Slings
 39298 | Vaults:2 | Found a staircase to the Crypt.
 39413 | Vaults:2 | Reached skill level 1 in Polearms
 39483 | Vaults:2 | Reached skill level 17 in Fighting
 39500 | Vaults:2 | Received a gift from Okawaru
 39733 | Vaults:2 | Received a gift from Okawaru
 39736 | Vaults:2 | Identified the +6 broad axe of Terra Nullius {antimagic,
                  | *Noise Int+2 Dex+7} (Okawaru gifted it to you on level 2 of
                  | the Vaults)
 39806 | Vaults:2 | You fall into a shaft and drop 1 floor!
 40083 | Vaults:2 | Reached skill level 5 in Polearms
 40113 | Vaults:2 | Found Duhior's Magic Scroll Boutique.
 40119 | Vaults:2 | Bought a scroll of enchant weapon for 105 gold pieces
 40332 | Vaults:2 | Received a gift from Okawaru
 41019 | Vaults:3 | Received a gift from Okawaru
 41097 | Vaults:3 | Reached XP level 21. HP: 183/192 MP: 33/33
 42026 | Vaults:3 | Reached skill level 10 in Shields
 42081 | Vaults:3 | Reached skill level 18 in Fighting
 42343 | Vaults:3 | Received a gift from Okawaru
 42371 | Vaults:3 | Identified the +0 pair of boots of Alaloam {rC+ MR+ Stlth+}
                  | (Okawaru gifted it to you on level 3 of the Vaults)
 43192 | Vaults:3 | Identified the +4 ring mail of Codd {+Fly rCorr Int+2
                  | Stlth-} (Okawaru gifted it to you on level 3 of the Vaults)
 43842 | Vaults:4 | Found Pamoqem's Book Boutique.
 44320 | Vaults:4 | Reached XP level 22. HP: 202/202 MP: 34/34
 44391 | Vaults:4 | Received a gift from Okawaru
 45787 | Orc:2    | Bought an uncursed ring of protection from fire for 350
                  | gold pieces
 45829 | Elf:1    | Entered Level 1 of the Elven Halls
 46142 | Elf:1    | Received a gift from Okawaru
 46389 | Elf:1    | You fall into a shaft and drop 1 floor!
 46405 | Elf:2    | Found a runed translucent gate.
 46405 | Elf:2    | Found a runed translucent gate.
 46405 | Elf:2    | Found a runed translucent gate.
 46995 | Elf:1    | Identified Oplydep's Volume of Supportive Attacks
 47264 | Elf:2    | Found Yhoaxt's Armour Emporium.
 47356 | Elf:2    | Reached skill level 19 in Fighting
 47400 | Elf:2    | Noticed Azrael
 47415 | Elf:2    | Killed Azrael
 48083 | Elf:3    | Entered Level 3 of the Elven Halls
 48365 | Elf:3    | Noticed Saint Roka
 48396 | Elf:3    | Killed Saint Roka
 48396 | Elf:3    | Reached skill level 20 in Fighting
 48836 | Elf:3    | Received a gift from Okawaru
 48839 | Elf:3    | Got an encrusted plate armour {god gift}
 48840 | Elf:3    | Identified the +1 plate armour of Leapfrog {*Corrode rN+
                  | MP+9} (Okawaru gifted it to you on level 3 of the Elven
                  | Halls)
 48877 | Elf:3    | Reached XP level 23. HP: 212/216 MP: 35/35
 49043 | Elf:3    | Found Enizekhi's Jewellery Boutique.
 49056 | Elf:3    | Found Higuti's Gadget Emporium.
 49057 | Elf:3    | Found Wurac's Jewellery Boutique.
 49069 | Elf:3    | Bought a cursed amulet of inaccuracy for 40 gold pieces
 49341 | Elf:3    | Identified the cursed +1 plate armour of the Ward {+Blink
                  | rF+ rC- MR+}
 49341 | Elf:3    | Identified the cursed +1 great sword of Patterns {vorpal,
                  | rC+ rN+ MR+ Int-4}
 49369 | Elf:3    | Reached skill level 10 in Polearms
 49379 | Elf:3    | Identified the +1 great mace of Deflation {holy, rF+ Str+4
                  | Dex+4}
 49440 | Elf:3    | Identified the +6 mace of Qeeth {protect, +Fly rElec rC+
                  | Dex-5}
 49451 | Elf:3    | Identified the +1 scale mail of Inaction {Harm}
 49683 | Elf:3    | Identified the +7 long sword of Dissolution {venom, Str+2
                  | Int+2}
 50073 | Elf:3    | Reached skill level 21 in Fighting
 50097 | Elf:3    | Identified the Almanac of Damaging Transmigration
 50143 | Elf:3    | Identified the Handbook of the Birds and the Blaze
 50147 | Elf:3    | Got a flickering platinum amulet
 50148 | Elf:3    | Identified the amulet of Day {Inacc MR+ Dex+5} (You found
                  | it on level 3 of the Elven Halls)
 50903 | Orc:2    | Bought an uncursed ring of positive energy for 280 gold
                  | pieces
 51453 | Depths:1 | Entered Level 1 of the Depths
 51682 | Depths:1 | Found a portal to a secret trove of treasure.
 51933 | Depths:1 | Reached skill level 22 in Fighting
 52039 | Depths:1 | Found Mocac's Antique Armour Shoppe.
 52094 | Depths:1 | Received a gift from Okawaru
 52346 | Depths:1 | Found a gateway to Hell.
 52407 | Depths:1 | Found a runed translucent door.
 52410 | Depths:1 | Identified the ring of the Cuttlefish {rC- MP+9 EV+4 Int+3}
 52442 | Depths:1 | Found a one-way gate leading to the halls of Pandemonium.
 52550 | Depths:1 | Identified the +1 scale mail "Cujiwk" {rPois rF- MR+ SInv}
                  | (You found it on level 1 of the Depths)
 52581 | Depths:2 | Found a one-way gate to the infinite horrors of the Abyss.
 52899 | Depths:2 | Noticed a juggernaut
 52915 | Depths:2 | Killed a juggernaut
 52915 | Depths:2 | Reached XP level 24. HP: 195/233 MP: 35/35
 53160 | Depths:2 | Got a transparent garnet amulet
 53161 | Depths:2 | Identified the amulet of Leiss {RegenMP rElec rN+ MP-9
                  | Dex+4} (You found it on level 2 of the Depths)
 53166 | Depths:2 | Learned a level 3 spell: Conjure Flame
 53783 | Vaults:2 | Bought a scroll of teleportation for 42 gold pieces
 53783 | Vaults:2 | Bought a scroll of teleportation for 42 gold pieces
 54029 | Orc:1    | Bought a scroll of teleportation for 51 gold pieces
 54110 | Orc:2    | Bought a scroll of teleportation for 45 gold pieces
 54353 | Depths:1 | You paid a toll of 15 scrolls of teleportation to enter a
                  | treasure trove
 54354 | Trove    | Entered a treasure trove
 54362 | Trove    | Got a pair of heavily runed boots
 54366 | Trove    | Got a slimy bronze ring
 54393 | Trove    | Identified the +2 pair of boots "Xaykan Muipi" {Int+3} (You
                  | found it in a treasure trove)
 54394 | Trove    | Identified the ring "Onovimon" {rPois rC+ MR+ Dex+7 Stlth-}
                  | (You found it in a treasure trove)
 54751 | Depths:3 | Reached skill level 1 in Fire Magic
 54762 | Depths:3 | Reached skill level 1 in Conjurations
 54978 | Depths:3 | Reached skill level 10 in Throwing
 55290 | Depths:3 | Received a gift from Okawaru
 55312 | Depths:3 | Found a shattered altar of Ashenzari.
 55655 | Depths:3 | Found a snail-covered altar of Cheibriados.
 55831 | Depths:3 | Found a glowing silver altar of Zin.
 55848 | Depths:3 | Reached skill level 23 in Fighting
 56073 | Depths:3 | Noticed Margery
 56104 | Depths:3 | Killed Margery
 56186 | Depths:3 | Found a glowing golden altar of the Shining One.
 56189 | Depths:3 | Found a gateway to a ziggurat.
 56273 | Depths:3 | Noticed a juggernaut
 56304 | Depths:3 | Killed a juggernaut
 56304 | Depths:3 | Received a gift from Okawaru
 56305 | Depths:3 | Found the +10 tower shield of Ignorance {rN+ Int-4}
 56457 | Depths:3 | Identified the ring of Megalomania {rF++ Stlth-}
 56537 | Depths:3 | Reached skill level 24 in Fighting
 56626 | Depths:3 | Reached XP level 25. HP: 134/246 MP: 35/35
 57557 | Elf:3    | Bought the ring "Esanilinwa" {*Slow rPois rF++ Dex+4 SInv}
                  | for 930 gold pieces
 58057 | Depths:4 | Found a shattered altar of Ashenzari.
 58488 | Depths:4 | Received a gift from Okawaru
 58679 | Depths:4 | Found a runed translucent gate.
 58679 | Depths:4 | Found a runed translucent gate.
 58679 | Depths:4 | Found a runed translucent gate.
 58733 | Depths:4 | Received a gift from Okawaru
 58744 | Depths:4 | Found a runed translucent gate.
 58744 | Depths:4 | Found a runed translucent gate.
 58744 | Depths:4 | Found a runed translucent gate.
 58750 | Depths:4 | Got a transparent golden ring
 58769 | Depths:4 | Identified the ring of Hyaptecru {*Tele Str+3 Dex-4 Stlth+}
                  | (You found it on level 4 of the Depths)
 58986 | Depths:4 | Received a gift from Okawaru
 59969 | Depths:5 | Entered Level 5 of the Depths
 60075 | Depths:5 | Noticed a juggernaut
 60092 | Depths:5 | Killed a juggernaut
 60097 | Depths:5 | Received a gift from Okawaru
 60247 | Depths:5 | Received a gift from Okawaru
 60254 | Depths:5 | Found a gate to the Realm of Zot.
 60326 | Depths:5 | Reached skill level 25 in Fighting
 60717 | Depths:5 | Reached XP level 26. HP: 247/258 MP: 26/35
 61767 | Crypt:1  | Entered Level 1 of the Crypt
 61796 | Crypt:1  | Noticed Jory
 61812 | Crypt:1  | Killed Jory
 63486 | Crypt:2  | Noticed Xtahua
 63499 | Crypt:2  | Killed Xtahua
 63499 | Crypt:2  | Received a gift from Okawaru
 63502 | Crypt:2  | Identified the +1 halberd of Domination {pain, rN++}
                  | (Okawaru gifted it to you on level 2 of the Crypt)
 64360 | Crypt:2  | Noticed an ancient lich
 64379 | Crypt:2  | Killed an ancient lich
 65040 | Crypt:2  | Reached skill level 26 in Fighting
 65299 | Crypt:3  | Entered Level 3 of the Crypt
 65326 | Crypt:3  | Received a gift from Okawaru
 65665 | Crypt:3  | Found a staircase to the Tomb.
 65954 | Crypt:3  | Reached XP level 27. HP: 214/270 MP: 26/35
 66362 | Crypt:3  | Noticed an ancient lich
 66383 | Crypt:3  | Killed an ancient lich
 66472 | Crypt:3  | Found an ancient bone altar of Kikubaaqudgha.
 67205 | Elf:3    | Bought a wand of clouds (4) for 432 gold pieces
 67269 | Elf:2    | Bought the -5 helmet of Negioh {MR+ rCorr Int+4} for 115
                  | gold pieces
 67400 | Orc:1    | Bought 3 scrolls of identify for 102 gold pieces
 67400 | Orc:1    | Bought a scroll of identify for 34 gold pieces
 67400 | Orc:1    | Bought a scroll of identify for 34 gold pieces
 67686 | Vaults:2 | Bought a scroll of blinking for 105 gold pieces
 67686 | Vaults:2 | Bought a scroll of holy word for 105 gold pieces
 67686 | Vaults:2 | Bought a scroll of identify for 28 gold pieces
 67686 | Vaults:2 | Bought a scroll of identify for 28 gold pieces
 67820 | Vaults:5 | Entered Level 5 of the Vaults
 67840 | Vaults:5 | Received a gift from Okawaru
 67919 | Vaults:4 | Reached skill level 27 in Fighting
 68069 | Vaults:5 | Received a gift from Okawaru
 68350 | Vaults:5 | Identified the +4 great mace of the Penguin {holy, rElec
                  | rC+ Dex+3}
 68398 | Vaults:5 | Noticed an ancient lich
 68422 | Vaults:5 | Collided with a yaktaur captain

Illustrated notes

Levels and vault maps discovered:
D:1:      minmay_arrival_plants_in_alcoves, layout_basic
D:2:      layout_basic, first_ration, minmay_pentomino_t4
D:3:      layout_basic
D:4:      layout_gridville, zin_scriptorium, enter_ossuary_4
D:5:      layout_basic, serial_shops, shop, fedhas_ov_isle_minmay
D:6:      minmay_octagon_keep, layout_cave_pools, okawaru_trees_1, uniq_grinder,
          uniq_edmund, uniq_prince_ribbit1
D:7:      layout_basic, lemuel_crystal_altar, minmay_temple_entry_poolview
D:8:      layout_cave_pools, nicolae_overflow_crystal_walls,
          nicolae_tso_besieged_by_evil, lemuel_coloured_pillars_altar,
          uniq_gastronok
D:9:      layout_grid_maze, dpeg_lair_monsters, grunt_livestock
D:10:     layout_loops_ring, eino_tiny_chamber
D:11:     layout_stronghold, orc_0_dummy
D:12:     layout_loops_ring, eino_small_chamber_without_monster,
          minmay_guarded_unrand_skullcrusher, uniq_psyche, uniq_kirke,
          uniq_nergalle
D:13:     layout_long_grid, lightli_vaults_fourway_checkpoint, uniq_snorg
D:14:     minmay_smoke_and_mirrors, layout_loops_ring, minivault_19
D:15:     hangedman_depths_entry_civil_slaughter, layout_irregular_city,
          abandoned_shop, serial_shops, freezing_bzr
Lair:1:   layout_cave_pods, uniq_erica
Lair:2:   layout_regular_city
Lair:3:   layout_loops_ring, nicolae_volcano_entry_lava_flow,
          grunt_megastairs_3, lemuel_fruit_fields
Lair:4:   layout_small_grid, elwin_shoals_entry_rooms, spider_nest_entry_webs
Lair:5:   layout_loops_ring, ebering_ghost_disaster_area,
          infiniplex_staircase_pool, uniq_nessos
Lair:6:   evilmike_catoblepas_cave, layout_hall_layers, slime_altar_1,
          worms_lemuel
Shoals:1: layout_shoals
Shoals:2: cheibrodos_shoals_oceanic_diplomacy, layout_shoals,
          nicolae_island_escapes
Shoals:3: layout_shoals, st_sunken_huts, uniq_polyphemus
Shoals:4: shoals_end_grunt_ice, layout_shoals, abandoned_shop
Spider:1: nicolae_spider_mines_1, hangedman_spider_trapstep
Spider:2: layout_spider_delve
Spider:3: layout_spider_delve
Spider:4: grunt_spider_rune_circles, portal_ice_cave_entry_pillars_1,
          gammafunk_ghost_necromancy, nicolae_spider_shape, uniq_nikola
Orc:1:    layout_diamond_mine, serial_shops, nicolae_shop_statue_plus, shop,
          lightli_church_of_beogh, uniq_erolcha
Orc:2:    st_orc_congregation, layout_diamond_mine
Elf:1:    minmay_elf_arrival_plus, layout_geoelf_octagon, minmay_elf_sorcery
Elf:2:    layout_geoelf_grid, serial_shops, shop, uniq_azrael
Elf:3:    minmay_elf_hall_x, layout_gridlike, minmay_shop_grove, uniq_saint_roka
Vaults:1: nicolae_vaults_yaktaur_gun_rack, nicolae_vaults_triangles, v_rooms_3,
          hangedman_vaults_variations, v_misc_33,
          nicolae_vaults_mini_display_case, layout_vaults_quadrants
Vaults:2: ontoclasm_vaults_bender, st_octagons_1,
          vaults_standard_mumra_enter_the_diamond, v_misc_16,
          nicolae_vaults_network_barrier, nicolae_vaults_bisected_slash,
          nicolae_vaults_sealed_display, v_alt_pattern_5,
          minmay_crypt_entry_nasty_monster, serial_ice_g, vaults_room_pools,
          v_pattern_4, v_misc_17, nicolae_vaults_little_squares_4, v_misc_3,
          layout_vaults_maze_snakey, serial_shops,
          nicolae_shop_competitors_out_of_business, uniq_mennas
Vaults:3: v_misc_8, serial_ice_b, dpeg_vaults_pockets_of_resistance, v_misc_26,
          vaults_dpeg_diagonal, v_pattern_1, nicolae_vaults_hallways_thing,
          vaults_mumra_minichess_inversion, vaults_room_fours,
          vaults_dpeg_encased_lava, nicolae_vaults_little_squares_2,
          hangedman_vaults_maws, v_misc_28, layout_vaults_ring
Vaults:4: ontoclasm_vaults_shuriken, vaults_room_pool, hangedman_vaults_cutoff,
          ontoclasm_vaults_ring_square, vaults_standard_mumra_x,
          hangedman_vaults_corner, v_misc_4, nicolae_vaults_shelves_hall,
          hangedman_vaults_nails, st_lines, layout_vaults_chaotic_city,
          serial_shops, shop
Vaults:5: serial_shops, uniq_mara
Crypt:1:  layout_misc_corridors, uniq_jory
Crypt:2:  layout_gridlike, st_shrine_of_skulls, uniq_xtahua
Crypt:3:  cryptofortress_bobbens
Depths:1: layout_cave_pools, serial_shops, kennysheep_mini, pf_coc_iceberg,
          grunt_decor_clamped, enter_trove_1, grunt_pan_entry_zigzag,
          grunt_ministairs_9, chequers_decorated_corner,
          kennysheep_treasure_room
Depths:2: minmay_ornate_pinched, layout_cave_pools, hellmouth_1,
          abyss_entry_crystal, minmay_misc_feat_square, serial_bayou_shore_a
Depths:3: grunt_profane_halls [grunt_profane_temple_geh,
          grunt_profane_temple_dis, grunt_profane_temple_tar,
          grunt_profane_temple_coc, grunt_profane_loot], hell_entry, pan_entry,
          abyss_entry, uniq_margery
Depths:4: kennysheep_treasure_stockpile, layout_honeycomb,
          grunt_hell_entry_dis_grunt, abyss_entry, evilmike_ruin_ashenzari
Depths:5: grunt_zot_entry_pinwheel, layout_basic, hell_entry

Skill      XL: |  1  2  3  4  5  6  7  8  9 10 11 12 13 14 15 16 17 18 19 20 21 22 23 24 25 26 27 |
---------------+----------------------------------------------------------------------------------+-----
Axes           | 5 6 8 10 11 13 14 16 | 16.8
Armour         | 1 2 3 4 6 7 9 11 12 13 14 15 16 17 18 19 | 19.6
Throwing       | 2 3 4 6 7 8 9 11 12 14 | 14.0
Fighting       | 3 4 6 7 9 11 12 13 14 15 16 17 18 20 22 24 25 26 27 | 27.0
Dodging        | 3 4 6 7 8 9 10 11 12 13 | 13.7
Evocations     | 1 2 3 4 5 6 7 8 |  8.0
Invocations    | 1 3 5 9 10 12 14 15 16 | 16.0
Maces & Flails | 8 11 12 13 | 13.8
Slings         | 5 7 9 11 13 | 13.7
Shields        | 6 8 9 10 12 | 12.0
Necromancy     | 2 3 |  3.0
Spellcasting   | 1 2 |  2.0
Polearms       | 7 8 9 10 | 10.8
Fire Magic     | 3 4 |  4.0
Conjurations   | 2 |  2.0

Action                   |  1- 3 |  4- 6 |  7- 9 | 10-12 | 13-15 | 16-18 | 19-21 | 22-24 | 25-27 || total
-------------------------+-------+-------+-------+-------+-------+-------+-------+-------+-------++-------
Melee: War axe           |    90 |   215 |       |       |   457 |  1055 |   198 |   247 |   212 ||  2474
       Hand axe          |       |    24 |   418 |   775 |   786 |    33 |       |       |       ||  2036
       Punch             |       |       |       |     6 |     4 |     3 |       |       |       ||    13
       Unarmed           |       |       |       |     2 |       |       |       |       |       ||     2
       Flail             |       |       |       |       |    19 |       |       |       |       ||    19
       Morningstar       |       |       |       |       |   132 |     4 |   236 |   129 |    46 ||   547
       Broad axe         |       |       |       |       |       |   286 |   659 |   868 |   584 ||  2397
       Trishula          |       |       |       |       |       |       |    46 |    26 |   728 ||   800
 Fire: Fustibalus        |       |       |       |       |       |   245 |   348 |   630 |   279 ||  1502
Throw: Dart              |       |     1 |    69 |    43 |    68 |       |       |     2 |     1 ||   184
       Throwing net      |       |       |     4 |     6 |     5 |       |       |       |       ||    15
       Javelin           |       |       |       |    13 |     2 |       |       |    11 |     9 ||    35
       Boomerang         |       |       |       |       |       |    96 |     1 |     3 |       ||   100
Invok: Heroism           |       |       |       |     6 |    13 |     2 |     3 |       |     2 ||    26
       Finesse           |       |       |       |     2 |    13 |    10 |     6 |     6 |     9 ||    46
 Abil: Evoke Flight      |       |       |       |       |     3 |    29 |       |       |       ||    32
Evoke: Wand              |       |       |     2 |     9 |     9 |     3 |     7 |     7 |       ||    37
       Lightning rod     |       |       |       |     4 |     7 |       |       |       |       ||    11
       Phantom mirror    |       |       |       |       |       |     1 |       |       |       ||     1
  Use: Scroll            |     2 |    14 |     5 |     5 |    20 |    14 |    10 |     8 |     5 ||    83
       Potion            |       |     3 |     3 |     8 |     4 |     2 |     3 |     3 |     1 ||    27
 Stab: Invisible         |       |     3 |     4 |     3 |     6 |       |       |       |       ||    16
       Held in net/web   |       |       |       |     1 |     4 |       |     1 |       |       ||     6
       Distracted        |       |       |       |     1 |     2 |       |     1 |     1 |     1 ||     6
       Confused          |       |       |       |       |     1 |       |       |       |       ||     1
  Eat: Chunk             |       |     7 |     7 |    11 |    23 |    21 |    18 |    22 |    10 ||   119
       Ration            |       |       |     1 |     1 |     5 |     8 |     3 |     5 |     9 ||    32
Armor: Leather armour    |    27 |    76 |    22 |       |       |       |       |       |       ||   125
       Ring mail         |       |       |    62 |       |       |       |       |       |       ||    62
       Scale mail        |       |       |    10 |   202 |   212 |       |       |       |       ||   424
       Chain mail        |       |       |       |       |   377 |   803 |   456 |   575 |   463 ||  2674
Dodge: Dodged            |    58 |   171 |   196 |   270 |   578 |   808 |   446 |   524 |   640 ||  3691
Block: Buckler           |       |       |       |       |       |    95 |   394 |   441 |   572 ||  1502
       Reflection        |       |       |       |       |       |       |    54 |    55 |    64 ||   173
